 Dungeon Crawl Stone Soup version 0.29.0-10-g45618ea6d2 (webtiles) character file.

Game seed: 126903921916528747

3915 DuloT34 the Trooper (level 10, -11/67 (79) HPs)
             Began as a Human Necromancer on Sept 1, 2022.
             Was an Initiate of Kikubaaqudgha.
             Mangled by a two-headed ogre
             ... wielding a +0 giant spiked club
              (12 damage)
             ... on level 10 of the Dungeon.
             The game lasted 00:35:05 (13730 turns).

DuloT34 the Trooper (Human Necromancer)            Turns: 13730, Time: 00:35:06

HP:   -11/67 (79)   AC:  3    Str:  9    XL:     10   Next: 43%
MP:   17/20         EV: 14    Int: 20    God:    Kikubaaqudgha [......]
Gold: 569           SH:  0    Dex: 13    Spells: 5/23 levels left

rFire   + + +      SeeInvis .   k - +4 hammer "Orb Guardian's Doom" {pain, rF++ rC+}
rCold   + . .      Faith    .   (no shield)
rNeg    . . .      Spirit   .   a - +0 robe
rPois   .          Reflect  .   (no helmet)
rElec   .          Harm     .   s - +0 cloak
rCorr   .          Rampage  .   (no gloves)
Will    .....                   (no boots)
Stlth   +.........              (no amulet)
HPRegen 0.21/turn               u - ring of protection from fire
MPRegen 0.17/turn               (no ring)

@: lethally poisoned (-11 -> -20), silenced, heavily drained
A: no striking features
a: Renounce Religion


You were on level 10 of the Dungeon.
You worshipped Kikubaaqudgha.
Kikubaaqudgha was noncommittal.
You visited 2 branches of the dungeon, and saw 11 of its levels.
You also visited: Bailey.

You collected 569 gold pieces.

Inventory:

Hand Weapons
 d - a +0 whip
 k - the +4 hammer "Orb Guardian's Doom" (weapon) {pain, rF++ rC+}
   (You found it on level 3 of the Dungeon)

   In the hands of one skilled in necromantic magic, it inflicts extra damage on
   living creatures.
   rF:        It greatly protects you from fire.
   rC:        It protects you from cold.
Missiles
 f - 15 poisoned darts (quivered)
 v - 3 throwing nets
 x - a curare-tipped dart
Armour
 a - a +0 robe (worn)
 s - a +0 cloak (worn)
Jewellery
 g - a ring of fire
 m - an amulet of guardian spirit
 u - a ring of protection from fire (left hand)
 D - a ring of protection from fire
Scrolls
 l - 3 scrolls of teleportation
 n - 2 scrolls of enchant weapon
 o - 2 scrolls of silence
 p - a scroll of blinking
 t - 2 scrolls of identify
 y - 2 scrolls of enchant armour
Potions
 b - 2 potions of heal wounds
 c - a potion of flight {unknown}
 e - 5 potions of lignification
 h - 8 potions of curing
 i - a potion of might {unknown}
 j - a potion of resistance {unknown}
 q - a potion of mutation {unknown}
 r - a potion of berserk rage {unknown}
 w - 2 potions of attraction {unknown}
 z - a potion of cancellation {unknown}
 A - 2 potions of invisibility
 C - 2 potions of magic


   Skills:
 + Level 7.3 Fighting
 - Level 3.0 Maces & Flails
 - Level 6.3 Dodging
 - Level 2.0 Stealth
 + Level 7.1 Spellcasting
 + Level 6.5 Necromancy
 - Level 5.0 Invocations


You had 5 spell levels left.
You knew the following spells:

 Your Spells              Type           Power      Damage    Failure   Level
a - Necrotise             Necr           100%       1d9       1%          1
b - Vampiric Draining     Necr           33%        2d8       1%          3
c - Sting                 Tmut/Pois      28%        1d4       10%         1
d - Foxfire               Conj/Fire      28%        2x1d5     10%         1
e - Animate Dead          Necr           33%        N/A       6%          4
f - Mephitic Cloud        Conj/Pois/Air  7%         N/A       28%         3
g - Borgnjor's Vile Clut  Necr/Erth      10%        N/A       56%         5

Your spell library contained the following spells:

 Spells                   Type           Power      Damage    Failure   Level
 Magic Dart               Conj           28%        1d4       10%         1
 Shock                    Conj/Air       28%        1d4       10%         1
 Call Imp                 Summ           7%         N/A       14%         2
 Poisonous Vapours        Pois/Air       14%        N/A       14%         2
 Agony                    Necr           33%        N/A       17%         5
 Conjure Flame            Conj/Fire      7%         6-21      28%         3
 Dazzling Flash           Conj/Hex       14%        N/A       28%         3
 Inner Flame              Hex/Fire       7%         N/A       28%         3
 Swiftness                Air            7%         N/A       28%         3
 Airstrike                Air            3%         2d(1-17)  67%         4
 Flame Wave               Conj/Fire      7%         2d5       67%         4
 Fulminant Prism          Conj/Hex       3%         3d6       67%         4
 Iskenderun's Mystic Bla  Conj/Tloc      7%         2d4       67%         4
 Olgreb's Toxic Radiance  Pois           7%         N/A       67%         4
 Lee's Rapid Deconstruct  Erth           3%         3d6*      95%         5
 Death Channel            Necr           16%        N/A       67%         6
 Starburst                Conj/Fire      3%         6d3       100%        6


Dungeon Overview and Level Annotations

Branches:
Dungeon (10/15)            Temple (1/1) D:5            Lair (0/5) D:10
    Orc (0/2) D:10         Bailey (visited)

Altars:
Ashenzari
Cheibriados
Dithmenos
Elyvilon
Fedhas
Gozag
Hepliaklqana
Kikubaaqudgha
Makhleb
Nemelex Xobeh
Okawaru
Qazlal
Ru
Sif Muna
Trog
Uskayaw
Vehumet
Wu Jian
Xom
Yredelemnul
Zin
The Shining One

Shops:
D:3 :

Portals:
Abyss: D:7

Annotations:
D:4 3 runed translucent doors, Ge0ff's ghost, amateur MeHW
D:7 2 transporters, Flugkiller's ghost, novice MiFi
D:9 Pikel


Message History

The killer bee stings you but does no damage.
The killer bee closely misses you.
The gargoyle hurls a stone arrow at you.
The stone arrow misses you. The killer bee closely misses you.
The killer bee stings you.
You are poisoned.
The killer bee poisons you!
The killer bee attacks as you move away!
The killer bee misses you.
You feel very sick. The killer bee misses you.
The killer bee completely misses you.
The killer bee attacks as you move away!
The killer bee misses you.
You feel sick.
The gargoyle hurls a stone arrow at you.
The stone arrow hits you!! The killer bee stings you.
The gargoyle attacks as you move away! The gargoyle hits you with a +0 mace!
* * * LOW HITPOINT WARNING * * *
You feel sick. The killer bee misses you.
You open the door.
A two-headed ogre comes into view.
It is wielding a +0 giant spiked club and a +0 dire flail.
You feel sick.
The two-headed ogre shouts in stereo!
The killer bee barely misses you. The killer bee misses you.
As you read the scroll of silence, it crumbles to dust.
A profound silence engulfs you.
You feel sick. The killer bee stings you.
* * * LOW HITPOINT WARNING * * *
You are lethally poisoned!
The killer bee poisons you! The killer bee stings you.
* * * LOW HITPOINT WARNING * * *
The killer bee barely misses you. The killer bee completely misses you.
The killer bee attacks as you move away!
The killer bee misses you.
* * * LOW HITPOINT WARNING * * *
You feel very sick. The killer bee completely misses you.
The gargoyle hurls a stone arrow at you.
The stone arrow misses you.
The two-headed ogre hits you with a +0 giant spiked club!
You die...
Kikubaaqudgha rasps: "You have failed me!
Welcome... death!"

,,,,*,,,*,,###+#####..#
,,,,*,,,*,,.>.........##
,,,,*,,,,########......#
,,,,*,,,>.....,,#......#
,,,,*,,,,.....,,#......#
,,,,*,,,,......,#......#
,,,,+,,,,......##......#
,,,,*,,,,......Oyy.....#
,,,,*,,,,......#@9.....#
,,,,*,,,,.####*#.......#
,,,,****,,*,,,,........#*****
,,,,,,,*,,*,,,...........,,,*
,,,,,,,*,,*,,..######+#..,,,*
**,,,,,****,...*,,,,,,*..,,,*
*,,,,,,,,,....*,,,,,,*,,,,,*
*******,,....,*,,,,,,*,,,,,*
*,,,,,,,*,,,,,,*,,,,,*


You could see a two-headed ogre, a gargoyle (unsilenced) and 2 killer bees.

Vanquished Creatures
  Prince Ribbit (D:8)
  Sigmund (D:5)
  2 yaks (D:8)
  A wyvern (D:8)
  A black bear (D:6)
  An orc warrior (D:8)
  2 ice beasts
  3 sky beasts
  An ogre (D:6)
  2 phantoms
  A centaur (D:10)
  2 lemures (D:10)
  3 kobold brigands
  2 bullfrogs
  2 scorpions (D:4)
  11 wights
  2 jellies
  4 howler monkeys (D:7)
  Crazy Yiuf (D:3)
  3 hounds
  A gnoll bouda (D:5)
  3 orc wizards
  3 iguanas
  6 gnolls
  An adder (D:6)
  A shadow imp (D:5)
  3 white imps
  3 ufetubi
  3 worms
  5 dart slugs
  20 orcs
  7 endoplasms
  4 giant cockroaches
  4 goblins
  8 hobgoblins
  5 jackals
  2 quokkas
  7 ball pythons
  5 bats
  3 frilled lizards
  27 kobolds
  5 rats
172 creatures vanquished.

Vanquished Creatures (collateral kills)
  A yak (D:8)
  An ice beast (D:6)
  A bullfrog (D:7)
  A wight (D:6)
  A howler monkey (D:7)
  A gnoll (D:5)
  A ball python (D:1)
  An endoplasm (D:2)
  A hobgoblin (D:3)
  3 frilled lizards
  2 kobolds
  A rat (D:2)
15 creatures vanquished.

Vanquished Creatures (others)
  2 yak zombies (D:8)
  A bullfrog zombie (D:9)
  A black bear zombie (D:6)
  An ogre zombie (D:6)
  A sky beast zombie (D:7)
  A hound zombie (D:5)
  2 howler monkey zombies (D:7)
  An adder zombie (D:6)
  A spectral white imp (D:6)
  3 gnoll zombies
  A hobgoblin zombie (Bailey)
  8 kobold zombies
  5 orc zombies
  106 foxfires
134 creatures vanquished.

Grand Total: 321 creatures vanquished

Notes
Turn   | Place    | Note
-------+----------+-------------------------------------------
     0 | D:1      | DuloT34 the Human Necromancer began the quest for the Orb.
     0 | D:1      | Reached XP level 1. HP: 13/13 MP: 3/3
   429 | D:1      | Reached XP level 2. HP: 14/20 MP: 5/5
   877 | D:1      | Reached skill level 1 in Fighting
  1197 | D:1      | Reached XP level 3. HP: 23/26 MP: 0/6
  1201 | D:1      | Learned a level 3 spell: Vampiric Draining
  1586 | D:2      | Found a sparkling altar of Nemelex Xobeh.
  2163 | D:2      | Reached XP level 4. HP: 33/33 MP: 4/7
  3321 | D:3      | Identified the +4 hammer "Orb Guardian's Doom" {pain, rF++
                  | rC+}
  3326 | D:3      | Learned a level 1 spell: Sting
  3358 | D:3      | Reached XP level 5. HP: 38/38 MP: 7/9
  3649 | D:3      | Found Hugadyir's Vocational Training.
  3669 | D:3      | Noticed a +0 short sword
  3669 | D:3      | Noticed a +0 spear
  3669 | D:3      | Noticed a +0 dagger
  3669 | D:3      | Noticed a +0 falchion
  3669 | D:3      | Noticed a +0 spear
  3669 | D:3      | Noticed a +0 falchion
  3670 | D:3      | Noticed a +0 dagger
  3670 | D:3      | Noticed a +0 short sword
  3673 | D:3      | Found a hide-covered altar of Uskayaw.
  3680 | D:3      | Found a faded altar of an unknown god.
  3690 | D:3      | Reached skill level 1 in Maces & Flails
  3735 | D:3      | Upgraded the game from 0.29.0-7-g18a832c13a to
                  | 0.29.0-10-g45618ea6d2
  4060 | D:3      | Noticed a kobold brigand
  4072 | D:3      | Killed a kobold brigand
  4073 | D:3      | Reached XP level 6. HP: 46/46 MP: 2/11
  4325 | D:3      | Learned a level 1 spell: Foxfire
  4457 | D:3      | Found a runed translucent door.
  4458 | D:3      | Noticed Crazy Yiuf
  4650 | D:3      | Killed Crazy Yiuf
  4926 | D:4      | Reached XP level 7. HP: 42/52 MP: 2/13
  5137 | D:4      | Learned a level 4 spell: Animate Dead
  5543 | D:4      | Found a runed translucent gate.
  5545 | D:4      | Found a runed translucent gate.
  5545 | D:4      | Found a runed translucent gate.
  5546 | D:4      | Noticed Ge0ff's ghost (amateur MeHW)
  5554 | D:4      | Identified the +1 dagger "Hiru Dol" {freeze, Drain Int+4}
  5680 | D:5      | Entered Level 5 of the Dungeon
  5778 | D:5      | Noticed Sigmund
  6191 | D:5      | Found a staircase to the Ecumenical Temple.
  6200 | Temple   | Entered the Ecumenical Temple
  6392 | Temple   | Became a worshipper of Yredelemnul the Dark
  6420 | D:5      | Reached skill level 5 in Necromancy
  6630 | D:6      | Reached XP level 8. HP: 34/60 MP: 14/14
  6843 | D:6      | Reached * piety under Yredelemnul
  7186 | D:6      | Reached ** piety under Yredelemnul
  7187 | D:6      | Reached skill level 1 in Invocations
  7402 | D:6      | Reached skill level 5 in Spellcasting
  7651 | D:5      | Reached skill level 5 in Fighting
  7818 | D:5      | Killed Sigmund
  8087 | D:5      | Reached XP level 9. HP: 58/68 MP: 17/17
  8196 | D:5      | Learned a level 3 spell: Mephitic Cloud
  9907 | D:7      | Reached skill level 5 in Dodging
 10306 | D:7      | Noticed a cyan ugly thing
 10314 | D:7      | Found a transporter.
 10314 | D:7      | Found a one-way gate to the infinite horrors of the Abyss.
 10314 | D:7      | Noticed Flugkiller's ghost (novice MiFi)
 10314 | D:7      | Noticed an orange demon
 10472 | D:7      | Found a transporter.
 10552 | D:7      | Noticed a kobold demonologist
 10552 | D:7      | Noticed a kobold demonologist
 10560 | D:7      | Noticed an ice devil
 10601 | D:8      | Reached skill level 5 in Invocations
 10601 | D:8      | Reached XP level 10. HP: 64/77 MP: 2/19
 11098 | D:8      | Found a flagged portal.
 11107 | Bailey   | Entered a bailey
 11112 | Bailey   | Noticed an orc warlord
 11216 | Bailey   | Noticed an orc knight
 11460 | D:8      | Noticed Prince Ribbit
 11469 | D:8      | Killed Prince Ribbit
 11488 | D:8      | Learned a level 5 spell: Borgnjor's Vile Clutch
 12036 | D:7      | Noticed a kobold demonologist
 12532 | D:9      | Found an ancient bone altar of Kikubaaqudgha.
 12549 | D:9      | Fell from the grace of Yredelemnul
 12549 | D:9      | Became a worshipper of Kikubaaqudgha
 12888 | D:9      | Found a shimmering altar of Xom.
 13176 | D:9      | Noticed Pikel
 13189 | D:10     | Entered Level 10 of the Dungeon
 13553 | D:10     | Noticed a bog body
 13553 | D:10     | Noticed a bog body
 13694 | D:10     | Found a sacrificial altar of Ru.
 13720 | D:10     | Noticed a gargoyle
 13721 | D:10     | Found a staircase to the Orcish Mines.
 13728 | D:10     | Noticed a two-headed ogre
 13730 | D:10     | HP: 1/67 [poisoned by a killer bee]
 13730 | D:10     | Mangled by a two-headed ogre

Illustrated notes

Levels and vault maps discovered:
D:1:      tarquinn_simple_flora_water_c, layout_basic
D:2:      layout_basic, basic_altar, hex_tiny,
          amcnicky_mini_rare_corridor_liquid
D:3:      cheibrodos_thug_alley, layout_basic, nicolae_uskayaw_en_pointe,
          ebering_ecumenical_altar_webs, nicolae_shop_vocational,
          uniq_crazy_yiuf_cottage
D:4:      layout_basic, biasface_ghost_orc_armoury, st_stairs_11
D:5:      layout_basic, minmay_temple_entry_glass, hex_large,
          nicolae_zen_rock_garden, uniq_sigmund
D:6:      layout_loops_corners
D:7:      layout_loops_corners, gammafunk_ghost_abyssal_escape
D:8:      layout_basic, enter_bailey_8, uniq_prince_ribbit1
D:9:      layout_basic, kiku_gazebo_pond_becter,
          mainiacjoe_overflow_tiny_flanked, roderic_roman_lattice, uniq_pikel
D:10:     minmay_the_grid_3x2 [minmay_the_grid_aliased_spiral,
          minmay_the_grid_spin_star, minmay_the_grid_odd_star,
          minmay_the_grid_slots, minmay_the_grid_paths,
          minmay_the_grid_prize_four_corners_diamond_a], layout_irregular_city,
          mainiacjoe_overflow_brackets, lair_entry_dummy, orc_0_dummy
Temple:   nicolae_temple_bog_church

Skill      XL: |  1  2  3  4  5  6  7  8  9 10 |
---------------+-------------------------------+-----
Fighting       | 1 2 3 4 5 6 7 |  7.3
Spellcasting   | 3 4 5 6 7 |  7.1
Maces & Flails | 1 2 3 |  3.0
Necromancy     | 5 6 |  6.5
Dodging        | 3 4 5 6 |  6.3
Invocations    | 3 5 |  5.0
Stealth        | |  2.0

Action                   |  1- 3 |  4- 6 |  7- 9 | 10-12 || total
-------------------------+-------+-------+-------+-------++-------
Melee: Whip              |    15 |    40 |       |       ||    55
       Mace              |       |    18 |   162 |    85 ||   265
       Punch             |       |       |     3 |       ||     3
Throw: Dart              |       |     3 |       |       ||     3
 Cast: Necrotise         |    73 |    58 |    25 |    24 ||   180
       Vampiric Draining |       |     8 |    47 |    14 ||    69
       Sting             |       |     4 |     5 |     1 ||    10
       Foxfire           |       |     8 |    35 |    22 ||    65
       Animate Dead      |       |       |     1 |       ||     1
       Mephitic Cloud    |       |       |     5 |     4 ||     9
       Borgnjor's Vile C |       |       |       |     1 ||     1
Invok: Recall Undead Har |       |       |     1 |       ||     1
  Use: Potion            |     1 |     2 |     3 |     3 ||     9
       Scroll            |     5 |     4 |     7 |     6 ||    22
 Stab: Sleeping          |       |       |     1 |     1 ||     2
       Distracted        |       |       |     1 |       ||     1
Armor: Robe              |    13 |    14 |    26 |    12 ||    65
       Skin              |       |    12 |       |    18 ||    30
Dodge: Dodged            |    25 |    61 |   168 |    93 ||   347
